 Dungeon Crawl Stone Soup version 0.30-a0-996-ga6910c8ee8 (webtiles) character file.

Game seed: 2183504645783998826

91 OrthodoxDeviant the Trooper (level 4, -1/36 (38) HPs)
             Began as a Demonspawn Berserker on Apr 4, 2023.
             Was a Believer of Trog.
             Slain by a wight
             ... wielding a +5 great sword of freezing
              (9 damage)
             ... on level 3 of the Dungeon.
             The game lasted 00:03:11 (1216 turns).

OrthodoxDeviant the Trooper (Demonspawn Berserker)  Turns: 1216, Time: 00:03:12

HP:   -1/36 (38)    AC:  5    Str: 20    XL:     4   Next: 34%
MP:   4/4           EV: 17    Int:  8    God:    Trog [**....]
Gold: 81            SH:  4    Dex: 12    Spells: 3/3 levels left

rFire   . . .      SeeInvis .    a - +0 hand axe
rCold   . . .      Faith    .    (no shield)
rNeg    . . .      Spirit   .    b - +0 animal skin
rPois   .          Reflect  .    n - +1 hat
rElec   .          Rampage  .    (no cloak)
rCorr   .                        (no gloves)
Will    .....                    l - +0 pair of boots
Stlth   +                        (no amulet)
HPRegen 0.26/turn                c - +5 ring of evasion
MPRegen 0.09/turn                (no ring)

@: drained
A: antennae 1, rugged brown scales 1, condensation shield
a: Renounce Religion, Berserk, Trog's Hand


You were on level 3 of the Dungeon.
You worshipped Trog.
Trog was pleased with you.
You visited 1 branch of the dungeon, and saw 3 of its levels.

You collected 81 gold pieces.

Inventory:

Hand Weapons
 a - a +0 hand axe (weapon)
Missiles
 o - 4 boomerangs (quivered)
Armour
 b - a +0 animal skin (worn)
 l - a +0 pair of boots (worn)
 n - a +1 hat (worn)
Jewellery
 c - a +5 ring of evasion (left hand)
Scrolls
 e - 2 scrolls of magic mapping {unknown}
 f - 2 scrolls of teleportation {unknown}
 g - a scroll of enchant weapon {unknown}
 i - 6 scrolls of identify {unknown}
 k - a scroll of summoning {unknown}
Potions
 d - 2 potions of curing {unknown}
 h - a potion of lignification {unknown}
 j - a potion of haste {unknown}
 m - 2 potions of attraction {unknown}


   Skills:
 + Level 4.2 Fighting
 + Level 3.8 Axes
 - Level 1.7 Armour
 - Level 1.7 Dodging


You had 3 spell levels left.
You didn't know any spells.
Your spell library was empty.

Dungeon Overview and Level Annotations

Branches:
Dungeon (3/15)

Altars:

Annotations:
D:3 Sigmund


Innate Abilities, Weirdness & Mutations

You have a pair of small antennae on your head.
You are partially covered in rugged brown scales. (AC +1, +3% HP)
A meltable shield of frost defends you. (SH +4)


Message History

Found a stone staircase leading up.
There is a stone staircase leading up here.
You climb upwards.
There is a stone staircase leading down here.
There is a stone staircase leading down here.
Unknown command.
You climb downwards.
There is a stone staircase leading up here.
You climb upwards.
There is a stone staircase leading down here.
Unknown command.
You climb downwards.
There is a stone staircase leading up here.
A kobold comes into view.
It is wielding a +0 short sword and quivering poisoned darts.
The kobold shouts!
A kobold is nearby!
A kobold is nearby!
A kobold is nearby!
A kobold is nearby!
A wight comes into view.
It is wielding a +5 great sword of freezing.
Sigmund the Dreaded comes into view.
He is wielding a +0 scythe.
A wight comes into view. It is wielding a +0 scimitar.
A wight comes into view. It is wielding a +0 hand axe.
You hit the kobold but do no damage. The kobold barely misses you.
You hit the kobold.
The kobold is heavily wounded.
The kobold completely misses you.
You hit the kobold.
You kill the kobold!
Trog accepts your kill.
A wight comes into view. It is wielding a +3 great sword.
The wight hits you with a +5 great sword of freezing!!
Ouch! That really hurt!
You feel drained. The wight freezes you!
* * * LOW HITPOINT WARNING * * *
Things that are here:
a +0 short sword; 8 poisoned darts; a kobold corpse The wight attacks as you move away!
The wight hits you with a +5 great sword of freezing!
You die...

...~.P~PP
.......
.........
.~z~...#
~P@#...
P.##.#
#z##.# PP
#z##.#
~~~~♣#@##.#
♣.....<#
###...##
###.# #.#
#.# #.# #.#
#.#


You could see Sigmund and 3 wights.

Vanquished Creatures
  4 adders (D:2)
  2 worms (D:2)
  A dart slug (D:2)
  5 endoplasms
  A giant cockroach (D:1)
  4 goblins
  2 hobgoblins (D:2)
  4 jackals (D:1)
  9 kobolds
  A quokka (D:1)
  3 ball pythons
  3 bats
  2 frilled lizards (D:1)
  5 rats
46 creatures vanquished.

Notes
Turn   | Place    | Note
-------+----------+-------------------------------------------
     0 | D:1      | OrthodoxDeviant the Demonspawn Berserker began the quest
                  | for the Orb.
     0 | D:1      | Reached XP level 1. HP: 18/18 MP: 1/1
   170 | D:1      | Gained mutation: A meltable shield of frost defends you.
                  | (SH +4) [demonic ancestry]
   170 | D:1      | Reached XP level 2. HP: 19/24 MP: 2/2
   447 | D:1      | Reached ** piety under Trog
   544 | D:2      | Gained mutation: You have a pair of small antennae on your
                  | head. [demonic ancestry]
   544 | D:2      | Reached XP level 3. HP: 29/29 MP: 3/3
   799 | D:2      | Reached skill level 4 in Fighting
   802 | D:2      | Gained mutation: You are partially covered in rugged brown
                  | scales. (AC +1, +3% HP) [demonic ancestry]
   802 | D:2      | Reached XP level 4. HP: 30/38 MP: 4/4
   872 | D:2      | Found a faded altar of an unknown god.
  1207 | D:3      | Noticed Sigmund
  1216 | D:3      | Slain by a wight

Illustrated notes

Levels and vault maps discovered:
D:1:      amcnicky_arrival_gap_in_the_tavern_cellar, layout_rooms
D:2:      layout_rooms, shapermc_ecumenical_altar_rom_forum
D:3:      layout_loops_ring, ashenzari_altar_1, serial_bayou,
          serial_bayou_lake_a, serial_bayou_ford_a, serial_bayou_pond_b,
          serial_bayou_shore_b, gammafunk_ghost_smash, item_on_display_a,
          uniq_grinder, uniq_sigmund

Skill      XL: |  1  2  3 |
---------------+----------+-----
Axes           | 3 |  3.8
Fighting       | 4 |  4.2
Armour         | |  1.7
Dodging        | |  1.7

Action                     |  1- 3 |  4- 6 || total
---------------------------+-------+-------++-------
  Melee: Hand axe          |    95 |    49 ||   144
   Stab: Sleeping          |     1 |       ||     1
 Armour: Animal skin       |    13 |     5 ||    18
  Dodge: Dodged            |    87 |    36 ||   123
  Block: Other             |    23 |    11 ||    34

Table legend: (Time is in decaauts)
 A = Elapsed time spent in this place.
 B = Non-inter-level travel time spent in this place.
 C = Inter-level travel time spent in this place.
 D = Time resting spent in this place.
 E = Time spent auto-exploring this place.
 F = Levels seen in this place.
 G = Mean time per level.
                   A        B        C        D        E       F      G
               +--------+--------+--------+--------+--------+-----+--------+
         Total |   1235 |   1171 |     64 |      0 |    819 |   3 |  411.7 |
       Dungeon |   1235 |   1171 |     64 |      0 |    819 |   3 |  411.7 |
               +--------+--------+--------+--------+--------+-----+--------+

Top non-repeatable levels by time:
     D:2: 669 daAuts
     D:1: 549 daAuts
     D:3: 17 daAuts
